Map: Frozen Temple

Players

Fropez

  • Race: Protoss Protoss
  • League: Silver
  • Spawn Location: 5:00

DAGUE - Winner!

  • Race: Protoss Protoss
  • League: Silver
  • Spawn Location: 11:00

VOD

Have the link to the VOD?

Description

Time

  • Played on: May 10, 2016, 8:16 p.m.
  • Length: 5:37
Show
View Real Time Build Order
Export as new Build Order

Fropez Protoss 

Build Orders:  

Get SALT Encoding   

  12  0:03  Probe (Chrono Boost)  
  13  0:21  Pylon  
  13  0:24  Assimilator  
  13  0:26  Probe (Chrono Boost)  
  14  0:42  Probe (Chrono Boost)  
  15  0:53  Gateway  
  15  0:55  Gateway  
  15  1:06  Pylon  
  15  1:07  Probe (Chrono Boost)  
  16  1:26  Probe (Chrono Boost)  
  16  1:28  Assimilator  
  16  1:51  Forge  
  16  2:11  Nexus  
  16  2:20  Pylon  
  16  2:25  Pylon, Probe (Chrono Boost)  
  17  2:40  Probe (Chrono Boost)  
  18  2:46  Cybernetics Core  
  18  2:50  Probe (Chrono Boost)  
  19  3:01  Probe (Chrono Boost)  
  20  3:11  Probe (Chrono Boost)  
  21  3:22  Assimilator  
  21  3:24  Pylon, Probe (Chrono Boost)  
  23  3:28  Mothership Core (Chrono Boost)  
  23  3:30  Warp Gate (Chrono Boost)  
  24  3:35  Probe (Chrono Boost)  
  25  3:46  Probe x2 (Chrono Boost)  
  27  3:54  Pylon  
  27  3:56  Probe (Chrono Boost)  
  28  4:03  Probe (Chrono Boost)  
  28  4:07  Probe (Chrono Boost)  
  30  4:14  Adept  
  32  4:18  Adept  
  32  4:23  Pylon  
  34  4:25  Probe  
  34  4:26  Probe  
  36  4:37  Probe  
  36  4:38  Probe  
  38  4:47  Probe  
  38  4:58  Probe  
  35  5:01  Probe  
  35  5:06  Gateway  
  19  5:32  Gateway  
  19  5:34  Assimilator  
Show
View Real Time Build Order
Export as new Build Order

DAGUE Protoss - Winner!

Build Orders: 1 Gate Expand, Oracle Opening 

Get SALT Encoding   

  12  0:01  Probe (Chrono Boost)  
  13  0:11  Probe (Chrono Boost)  
  14  0:19  Pylon  
  14  0:22  Probe (Chrono Boost)  
  15  0:37  Probe (Chrono Boost)  
  16  0:44  Gateway  
  16  0:48  Probe (Chrono Boost)  
  17  0:51  Assimilator  
  17  0:58  Probe (Chrono Boost)  
  18  1:12  Probe (Chrono Boost)  
  19  1:26  Nexus  
  19  1:39  Cybernetics Core  
  19  1:42  Probe (Chrono Boost)  
  20  1:48  Assimilator  
  20  1:53  Probe (Chrono Boost)  
  21  1:59  Pylon  
  20  2:20  Stargate  
  20  2:22  Probe (Chrono Boost)  
  21  2:30  Warp Gate (Chrono Boost)  
  21  2:35  Gateway  
  21  2:39  Probe x2 (Chrono Boost)  
  23  2:49  Probe (Chrono Boost)  
  24  2:54  Robotics Facility  
  24  2:55  Probe (Chrono Boost)  
  25  3:04  Probe (Chrono Boost)  
  26  3:07  Probe (Chrono Boost)  
  27  3:15  Probe  
  28  3:22  Probe, Oracle  
  32  3:27  Probe  
  32  3:30  Assimilator  
  32  3:33  Probe  
  33  3:35  Pylon  
  33  3:39  Probe  
  35  3:43  Probe  
  35  3:45  Stalker  
  38  3:52  Probe  
  38  3:53  Observer  
  38  3:54  Probe  
  40  3:58  Stalker  
  43  4:04  Probe  
  43  4:05  Probe  
  45  4:15  Probe  
  45  4:16  Mothership Core  
  48  4:26  Probe  
  48  4:27  Gateway  
  48  4:29  Gateway  
  49  4:36  Probe  
  49  4:37  Probe  
  51  4:39  Pylon  
  51  4:47  Probe  
  51  4:48  Forge  
  51  4:49  Probe  
  53  4:58  Probe  
  58  5:00  Stalker x2  
  62  5:32  Pylon  
  62  5:34  Pylon, Assimilator  
  62  5:36  Pylon  
Tags
 
Add a new tag
Caveats
  • Supply blocks, unpowered buildings, or Contaminate may cause inaccurate times.
  • Supply counts are checked every 10 seconds.